 Dungeon Crawl Stone Soup version 5.5-138-g0397942 (webtiles) character file.

1 abdallah the Insei (level 6, -2/39 HPs) *CASUAL*
             Began as an Octopode Transmuter on June 19, 2018.
             Was a Follower of Cheibriados.
             Slain by Crazy Yiuf
             ... wielding a +3 quarterstaff of chaos
              (9 damage)
             ... while paralysed by Crazy Yiuf
             ... on level 3 of the Dungeon.
             The game lasted 00:05:38 (2213 turns).

abdallah the Insei (Octopode Transmuter)            Turns: 2213, Time: 00:05:38

Health: -2/39      AC:  1 (0%)Str: 12   XL:     6   Next: 26%
Magic:  10/10      EV:  2    Int: 19    God:    Cheibriados [1*[38]]
Gold:   241        SH:  0    Dex: 14    Spells: 11/12 levels left

rFire    + . .     SeeInvis .     - Unarmed
rCold    + + .     Faith    +   (no shield)
rNeg     . . .     Spirit   .   (helmet restricted)
rPois    .         Reflect  .   j - amulet of faith
rElec    .                      h - ring of fire
rCorr    .                      i - ring of ice
MR       .....                  (no ring)
Stlth    ++++......             (no ring)
Regen    0.2/turn               (no ring)
MPRegen  0.2/turn               (no ring)
                                (no ring)
                                (no ring)

@: paralysed, appendage, drained, very slow
A: almost no armour, stealthy swim, amphibious, 8 rings, constrict 8, tentacle
spike, camouflage, cold resistance 1, gelatinous body 1
a: End Transformation, Bend Time, Renounce Religion


You were on level 3 of the Dungeon.
You worshipped Cheibriados.
Cheibriados was aware of your devotion.
You were not hungry.
One of your tentacles had a temporary spike.
You visited 1 branch of the dungeon, and saw 3 of its levels.

You collected 241 gold pieces.

Inventory:

Missiles
 a - 96 arrows
 b - 88 poisoned darts (quivered)
 l - 9 curare darts
Jewellery
 h - a ring of fire (left tentacle)
 i - a ring of ice (right tentacle)
 j - an amulet of faith (around mantle)
Wands
 k - a wand of digging (6)
Scrolls
 c - a scroll of fog
 f - 4 scrolls of magic mapping
 g - a scroll of enchant armour
Potions
 d - a potion of resistance
 e - a potion of cancellation


   Skills:
 + Level 1.7(1.3) Fighting
 + Level 2.6(2.2) Dodging
 + Level 6.2(5.8) Unarmed Combat
 - Level 3.0(2.6) Transmutations
 + Level 1.0(0.6) Invocations


You had 11 spell levels left.
You knew the following spells:

 Your Spells              Type           Power        Failure   Level  Hunger
a - Beastly Appendage     Tmut           11 (50)      6%          1    N/A

Your spell library contained the following spells:

 Spells                   Type           Power        Failure   Level  Hunger
 Spider Form              Tmut           11 (200)     19%         3    N/A
 Blade Hands              Tmut           11 (200)     86%         5    N/A
 Ice Form                 Ice/Tmut       8 (100)      75%         4    N/A
 Passwall                 Tmut/Erth      5 (200)      17%         2    N/A

Dungeon Overview and Level Annotations

Branches:
Dungeon (3/15)

Altars:
Cheibriados
Lugonu
Nemelex Xobeh
Okawaru
Qazlal
Ru
Uskayaw

Annotations:
D:3 Crazy Yiuf


Innate Abilities, Weirdness & Mutations

You cannot wear most types of armour.
You are very stealthy in the water.
You are amphibious.
You can wear up to eight rings at the same time.
You can use your tentacles to constrict eight enemies at once.
Your skin blends seamlessly with your surroundings (Stealth+++).
Your rubbery body absorbs attacks. (AC +1, EV +1)
One of your tentacles bears a nasty spike.
Your flesh is cold resistant. (rC+)


Message History

Throwing (i - inventory. (,) - cycle):
b - 89 poisoned darts (quivered)
Press: ? - help, Shift-Dir - straight line, f/p - Crazy Yiuf
Aim: Crazy Yiuf, wielding a +3 quarterstaff of chaos and wearing a +0 cloak (poisoned)
You throw a poisoned dart.
The poisoned dart barely misses Crazy Yiuf (0).
You tentacle-slap Crazy Yiuf (6). You grab Crazy Yiuf (0).
You squeeze Crazy Yiuf, but do no damage.
Crazy Yiuf is moderately wounded.
You constrict Crazy Yiuf (1). Crazy Yiuf closely misses you.
You tentacle-slap Crazy Yiuf (6).
Crazy Yiuf is severely wounded.
You constrict Crazy Yiuf (2).
Crazy Yiuf says, "Blight broken light!"
Crazy Yiuf hits you with a +3 quarterstaff of chaos (12)!
You suddenly lose the ability to move!
You lose your grip on Crazy Yiuf.
Crazy Yiuf hits you with a +3 quarterstaff of chaos (15)!
You feel drained (5).
* * * LOW HITPOINT WARNING * * *
Crazy Yiuf hits you with a +3 quarterstaff of chaos (9)!
You die...

..########....##.......##...##...
...# #############.###..#8...
...# ####...##... #..# #####
#........ #.?# #)..# #........
#..# #...# #........ ...# ...
#........ #..# #g# #.>...... #..#
#@## #........ #..# ##.#
####........ ...# #.##
#...)....... ...# ##.#
#.########## #### ##.## #.#
##.P.# #.# #..PP# #.# #....# #.#
#....###.#


You could see Crazy Yiuf.

Vanquished Creatures
  Natasha (D:3)
  3 adders
  An ooze (D:1)
  3 dart slugs
  11 orcs (D:3)
  4 quokkas
  5 giant cockroaches
  A goblin (D:3)
  3 hobgoblins
  8 jackals
  7 kobolds
  6 bats
  4 frilled lizards
  9 rats
  A fungus (D:3)
67 creatures vanquished.

Notes
Turn   | Place    | Note
-------+----------+-------------------------------------------
     0 | D:1      | abdallah the Octopode Transmuter began the quest for the Orb.
     0 | D:1      | Reached XP level 1. HP: 13/13 MP: 2/2
    31 | D:1      | Reached XP level 2. HP: 10/18 MP: 3/3
   107 | D:1      | Reached skill level 4 in Unarmed Combat
   302 | D:1      | Reached XP level 3. HP: 23/23 MP: 4/4
   648 | D:1      | Reached XP level 4. HP: 24/28 MP: 6/6
   932 | D:1      | Gained mutation: Your flesh is cold resistant. (rC+) [mutagenic hatch]
   942 | D:2      | Reached skill level 5 in Unarmed Combat
   945 | D:2      | Found a corrupted altar of Lugonu.
   980 | D:2      | Found a sparkling altar of Nemelex Xobeh.
  1141 | D:2      | Found a sacrificial altar of Ru.
  1269 | D:2      | Reached XP level 5. HP: 33/33 MP: 7/7
  1367 | D:2      | Found a faded altar of an unknown god.
  1494 | D:2      | Found a snail-covered altar of Cheibriados.
  1506 | D:2      | Became a worshipper of Cheibriados the Contemplative
  1757 | D:3      | Reached skill level 6 in Unarmed Combat
  1784 | D:3      | Found an iron altar of Okawaru.
  1795 | D:3      | Found a stormy altar of Qazlal.
  1896 | D:3      | Reached * piety under Cheibriados
  1899 | D:3      | Noticed a dagger
  1899 | D:3      | Noticed a hand axe
  1900 | D:3      | Found a hide-covered altar of Uskayaw.
  2056 | D:3      | Reached XP level 6. HP: 33/38 MP: 10/10
  2153 | D:3      | Noticed Natasha
  2162 | D:3      | Killed Natasha
  2162 | D:3      | Reached skill level 1 in Invocations
  2202 | D:3      | Found a runed door.
  2206 | D:3      | Noticed Crazy Yiuf
  2210 | D:3      | Paralysed by Crazy Yiuf for 4 turns
  2213 | D:3      | Slain by Crazy Yiuf

Skill      XL: |  1  2  3  4  5  6 |
---------------+-------------------+-----
Unarmed Combat | 4 5 6 |  6.2
Invocations    | 1 |  1.0
Fighting       | |  1.7
Dodging        | |  2.6
Transmutations | |  3.0

Action                   |  1- 3 |  4- 6 || total
-------------------------+-------+-------++-------
Melee: Unarmed           |    49 |    72 ||   121
       Constrict         |    10 |    26 ||    36
       Tentacles         |     3 |    12 ||    15
       Kick              |     7 |    23 ||    30
       Punch             |       |     3 ||     3
Throw: Poisoned dart     |       |     4 ||     4
 Cast: Beastly Appendage |     1 |       ||     1
 Stab: Sleeping          |    10 |    13 ||    23
Armor: Skin              |     4 |     2 ||     6
Dodge: Dodged            |    20 |    39 ||    59
